Map: [ESL] Waterfall

Players

SpeCial - Winner!

  • Race: Terran Terran
  • Spawn Location: 1:00

Erik

  • Race: Zerg Zerg
  • Spawn Location: 7:00

Event: DreamHack SC2 Masters 2022 Atlanta (Online)

VOD

Have the link to the VOD?

Description

Time

  • Played on: Sept. 29, 2022, 4:02 p.m.
  • Length: 15:05

All games in this series

Show
View Real Time Build Order
Export as new Build Order

SpeCial Terran - Winner!

Build Orders: Banshee Rush 

Get SALT Encoding   

  12  0:00  SCV  
  13  0:12  SCV  
  14  0:17  Supply Depot  
  14  0:24  SCV  
  15  0:39  SCV  
  15  0:40  Barracks  
  16  0:44  Refinery  
  16  0:51  SCV  
  17  1:03  SCV  
  18  1:15  SCV  
  19  1:27  Orbital Command  
  19  1:37  Command Center  
  19  1:48  Factory  
  19  1:51  Marine  
  20  1:56  SCV  
  21  2:10  Marine  
  21  2:11  SCV  
  21  2:12  Supply Depot  
  23  2:32  Refinery, Barracks Tech Lab  
  23  2:33  SCV  
  23  2:34  Hellion  
  26  2:37  Starport  
  26  2:46  SCV  
  26  2:49  Orbital Command  
  27  2:59  Hellion, SCV  
  30  3:06  Marine  
  30  3:12  SCV  
  32  3:20  SCV  
  32  3:22  Cloaking Field  
  32  3:24  SCV, Banshee  
  37  3:31  Supply Depot, Barracks Tech Lab  
  37  3:32  SCV  
  38  3:36  SCV  
  39  3:44  SCV  
  39  3:45  Bunker  
  39  3:48  SCV  
  37  3:51  Stimpack, Marine  
  37  3:53  Widow Mine  
  37  3:54  Supply Depot  
  40  3:56  SCV  
  40  4:00  SCV  
  42  4:09  SCV  
  43  4:11  Marine  
  43  4:12  SCV  
  43  4:13  Banshee  
  48  4:20  Command Center  
  48  4:22  Factory Reactor  
  48  4:26  SCV x2  
  48  4:28  Marine  
  51  4:32  Supply Depot  
  51  4:38  SCV  
  51  4:40  Barracks  
  52  4:46  Marine  
  52  4:49  SCV  
  52  4:50  SCV  
  55  4:56  Barracks  
  55  5:01  SCV  
  55  5:02  SCV  
  55  5:04  Marine  
  55  5:05  Supply Depot  
  58  5:09  Engineering Bay, Barracks, Starport Reactor  
  58  5:10  Engineering Bay  
  58  5:13  SCV  
  59  5:14  Refinery, SCV  
  59  5:15  Refinery  
  60  5:22  Siege Tank  
  60  5:25  SCV  
  60  5:27  SCV  
  65  5:32  Marine  
  65  5:33  Orbital Command  
  66  5:38  Marine x2  
  66  5:41  Terran Infantry Weapons Level 1  
  68  5:44  Terran Infantry Armor Level 1  
  68  5:45  SCV  
  68  5:46  SCV  
  71  5:50  Marine  
  71  5:51  Barracks Reactor, Combat Shield  
  71  5:55  Orbital Command  
  71  5:56  Marine  
  72  5:58  SCV x2  
  72  6:00  Marine  
  72  6:01  Barracks  
  72  6:02  Medivac  
  77  6:04  Barracks  
  77  6:08  Marine  
  77  6:10  SCV  
  79  6:12  Supply Depot, Medivac  
  79  6:14  Supply Depot, Marine  
  79  6:18  Marine  
  83  6:23  SCV x3  
  86  6:26  Marauder  
  86  6:27  Siege Tank  
  86  6:31  Marine  
  86  6:32  Supply Depot  
  92  6:35  SCV, Marine  
  92  6:37  SCV x2  
  96  6:43  Marine x2  
  96  6:46  Medivac x2  
  102  6:47  SCV, Marine  
  102  6:49  SCV x2  
  106  6:54  Supply Depot  
  106  6:55  Barracks Tech Lab x2  
  106  6:59  SCV  
  106  7:01  Refinery, SCV x2  
  106  7:05  Marine  
  106  7:06  Marauder, Marine x3  
  106  7:08  Supply Depot  
  111  7:11  SCV  
  111  7:13  SCV  
  111  7:14  SCV, Armory  
  113  7:18  Refinery, Siege Tank  
  116  7:23  Marine  
  116  7:30  Marine  
  116  7:31  Marauder, Marine x4  
  116  7:35  SCV x2, Factory  
  125  7:39  SCV  
  125  7:40  Sensor Tower  
  125  7:41  Marine  
  127  7:45  Medivac  
  127  7:47  Supply Depot, SCV  
  127  7:48  Marine x2  
  132  7:54  Marine  
  132  7:57  Supply Depot  
  132  7:58  Supply Depot  
  133  7:59  Supply Depot  
  133  8:03  SCV  
  132  8:07  Siege Tank  
  132  8:09  Marauder  
  132  8:10  SCV x2  
  136  8:15  Marine  
  136  8:16  Marauder, Marine x2  
  136  8:18  Command Center  
  136  8:19  Marauder, Marine  
  136  8:25  Factory Reactor  
  135  8:29  Marine  
  135  8:32  Barracks  
  135  8:33  Marine x3  
  139  8:34  Barracks  
  139  8:35  Terran Infantry Armor Level 2, Terran Infantry Weapons Level 2  
  139  8:36  Marine  
  139  8:37  Marine  
  139  8:40  Marine  
  142  8:42  Widow Mine  
  142  8:47  Marine  
  145  8:51  Marine x3  
  145  8:52  SCV  
  145  8:54  Marine  
  145  8:55  Marine  
  151  8:58  SCV x2, Marine  
  154  9:03  Widow Mine x3  
  154  9:04  SCV  
  154  9:05  Marine  
  154  9:06  Medivac  
  154  9:09  Marine  
  165  9:12  Supply Depot x2  
  165  9:21  Concussive Shells  
  165  9:22  Barracks Reactor  
  165  9:23  Barracks Reactor  
  165  9:24  SCV, Marine x2  
  165  9:25  SCV  
  165  9:26  SCV, Marine x3  
  165  9:27  Marine  
  165  9:29  Medivac  
  165  9:30  Widow Mine x3, Marauder  
  173  9:41  Marine  
  173  9:42  Marine  
  173  9:44  Marine x3  
  173  9:45  Marauder  
  180  9:51  Widow Mine x3, Marauder  
  180  9:52  Command Center  
  188  9:59  Marine  
  189  10:00  Marine x5  
  189  10:01  Marine  
  189  10:02  Marine  
  189  10:06  Marauder  
  188  10:12  Widow Mine x2  
  185  10:15  Widow Mine, Marauder, Marine  
  185  10:17  Marine x2  
  185  10:18  Marine x2  
  185  10:19  Marine  
  185  10:20  Marauder, Planetary Fortress  
  193  10:21  Marine  
  193  10:24  Marine  
  195  10:32  Marine  
  196  10:43  Marine  
  196  10:46  Marauder x2  
  196  10:47  Marauder  
  196  10:49  Marine  
  196  10:52  Ghost Academy  
  196  10:57  Marine  
  196  10:58  Widow Mine, Marine  
  196  10:59  Marine  
  196  11:00  Marine x2  
  196  11:01  Terran Infantry Weapons Level 3, Terran Infantry Armor Level 3  
  196  11:03  Marine x2  
  185  11:04  Widow Mine x2  
  185  11:07  Marauder x2, Marine  
  185  11:09  Marauder  
  189  11:15  Marine  
  189  11:16  Marine  
  189  11:17  Marine  
  189  11:18  Marine x2  
  193  11:20  Widow Mine  
  193  11:24  Marine  
  192  11:25  Widow Mine  
  192  11:28  Marauder  
  192  11:29  Marauder, Marine  
  192  11:30  Marauder, Marine  
  192  11:31  Widow Mine  
  189  11:33  Marine  
  189  11:34  Command Center  
  189  11:39  Command Center, Marine x2  
  190  11:41  Widow Mine  
  190  11:45  Marine x2  
  190  11:46  Marine  
  197  11:47  Widow Mine, Marine x2  
  197  11:53  Marine  
  200  12:04  Barracks  
  200  12:07  Marine  
  200  12:08  Barracks, Marauder  
  189  12:10  Widow Mine  
  189  12:12  Marine  
  189  12:13  Marauder  
  194  12:17  Planetary Fortress  
  194  12:21  Refinery x2  
  174  12:26  Marauder, Marine x6  
  180  12:33  Marauder, Marine x2  
  180  12:34  Marine  
  175  12:38  Widow Mine x2  
  175  12:44  Marine x5  
  170  12:45  Starport x2  
  170  12:46  Widow Mine  
  170  12:47  Marine  
  170  12:48  Marauder  
  170  12:51  Marine x2  
  172  12:52  Marauder  
  172  12:54  Orbital Command x2  
  172  12:55  Marauder  
  172  12:58  SCV x3  
  179  12:59  Widow Mine  
  179  13:01  Marine  
  179  13:02  Marine x2  
  179  13:03  Marine x2  
  179  13:04  Marine  
  187  13:08  Marine  
  187  13:09  Marauder  
  187  13:11  Marine  
  187  13:12  Widow Mine  
  193  13:14  Marauder  
  193  13:16  Marauder  
  193  13:19  Marine x3  
  194  13:21  Marine x2  
  194  13:22  Medivac  
  194  13:24  Starport Reactor x2  
  200  13:29  Sensor Tower  
  200  13:36  Enhanced Shockwaves  
  192  13:44  Marauder, Marine x4  
  192  13:45  Marine x3  
  192  13:47  Marine x3  
  180  13:52  Command Center  
  180  13:55  Widow Mine x2  
  180  13:57  Barracks Reactor  
  180  13:58  Barracks Tech Lab  
  180  14:01  Medivac x2, Marine  
  180  14:02  Marine x4  
  184  14:03  Marine x2  
  184  14:05  Marauder, Marine  
  184  14:06  Marauder x2  
  184  14:08  Widow Mine  
  195  14:16  Widow Mine x2  
  195  14:17  Medivac  
  195  14:19  Marine  
  195  14:20  Marine x2  
  200  14:27  Marauder x2  
  180  14:32  Ghost x2  
  180  14:33  Marine x4  
  180  14:35  Marine x2  
  180  14:36  Widow Mine  
  180  14:37  Widow Mine  
  186  14:41  Marine  
  186  14:42  Marine x3  
  187  14:47  SCV x3  
Show
View Real Time Build Order
Export as new Build Order

Erik Zerg 

Build Orders: Hatch First 

Get SALT Encoding   

  12  0:00  Drone  
  13  0:08  Drone  
  14  0:14  Drone, Extractor  
  15  0:37  Hatchery  
  15  0:41  Extractor  
  13  0:43  Drone  
  13  0:48  Overlord  
  15  1:05  Spawning Pool  
  15  1:07  Drone  
  15  1:10  Drone  
  16  1:14  Drone  
  17  1:18  Drone  
  18  1:29  Drone  
  19  1:39  Drone  
  20  1:49  Drone  
  20  1:51  Queen x2  
  20  1:52  Drone  
  26  1:54  Extractor  
  26  2:01  Drone, Overlord  
  26  2:11  Drone  
  26  2:13  Drone  
  29  2:22  Drone  
  29  2:23  Drone  
  29  2:29  Queen x2  
  34  2:33  Overlord  
  34  2:36  Overlord  
  34  2:43  Drone  
  34  2:44  Drone  
  36  2:49  Roach Warren  
  35  2:55  Drone x2  
  37  3:01  Overlord  
  37  3:02  Drone  
  37  3:03  Drone x2  
  37  3:04  Drone  
  41  3:06  Extractor  
  40  3:13  Overlord x2  
  40  3:22  Drone x3  
  43  3:35  Roach  
  43  3:37  Roach  
  47  3:47  Drone x6  
  52  3:53  Drone  
  53  3:55  Hatchery  
  53  3:58  Roach  
  53  4:02  Zergling x2  
  55  4:04  Drone  
  56  4:11  Drone, Extractor  
  56  4:12  Drone  
  57  4:19  Overlord  
  57  4:20  Drone x2  
  59  4:25  Spore Crawler  
  59  4:26  Spore Crawler  
  59  4:31  Roach x3  
  63  4:32  Spore Crawler  
  63  4:33  Drone x2  
  63  4:34  Drone  
  63  4:35  Drone, Extractor  
  63  4:51  Drone x2  
  63  4:54  Lair  
  63  4:56  Drone x2  
  65  5:01  Evolution Chamber  
  65  5:04  Drone, Evolution Chamber  
  64  5:08  Drone x6  
  64  5:10  Drone  
  71  5:15  Baneling Nest  
  71  5:16  Drone  
  71  5:19  Queen  
  73  5:28  Zerg Ground Armor Level 1  
  73  5:29  Zerg Melee Weapons Level 1  
  73  5:31  Metabolic Boost  
  73  5:37  Drone x3  
  74  5:45  Drone x6  
  80  5:52  Overlord  
  80  5:58  Centrifugal Hooks  
  80  6:00  Zergling x4  
  80  6:02  Overlord x3  
  82  6:05  Overlord  
  82  6:07  Overseer  
  82  6:13  Zergling x10  
  82  6:14  Zergling x2  
  82  6:16  Drone x2  
  90  6:19  Extractor  
  90  6:24  Ravager x6  
  95  6:29  Drone  
  95  6:31  Drone x2  
  98  6:34  Drone x3  
  98  6:37  Drone x2  
  98  6:39  Hatchery  
  102  6:44  Drone x6  
  102  6:46  Baneling x5  
  107  6:49  Baneling x2  
  107  6:54  Overlord  
  107  6:55  Zergling x8  
  109  7:05  Queen  
  109  7:08  Zergling x10  
  113  7:18  Zergling x12  
  113  7:22  Pneumatized Carapace  
  118  7:38  Zergling x16  
  118  7:42  Zerg Melee Weapons Level 2, Zerg Ground Armor Level 2  
  126  7:48  Zergling x2  
  126  7:49  Zergling x2  
  125  7:55  Zergling x4  
  125  7:56  Zergling x2  
  128  8:02  Spore Crawler  
  125  8:11  Queen  
  125  8:12  Queen x2  
  124  8:20  Drone  
  124  8:21  Drone x4  
  124  8:22  Queen  
  124  8:24  Baneling x9  
  127  8:27  Drone  
  127  8:29  Baneling x7  
  127  8:30  Roach x3  
  127  8:32  Zergling x2  
  127  8:34  Overlord x8  
  135  8:37  Infestation Pit  
  134  8:48  Burrow  
  134  8:53  Zergling x2  
  134  8:54  Zergling x16  
  143  8:58  Ravager x3  
  143  9:00  Drone x3  
  148  9:12  Zergling x2  
  148  9:13  Zergling x12  
  155  9:20  Drone x2  
  155  9:27  Spore Crawler  
  155  9:28  Spore Crawler  
  155  9:30  Spore Crawler  
  138  9:34  Zergling x12  
  138  9:35  Baneling  
  138  9:36  Baneling x19  
  144  9:40  Zergling x24  
  154  9:51  Zergling x8  
  158  9:53  Hive  
  150  10:17  Zergling x20  
  159  10:26  Extractor  
  159  10:28  Extractor  
  157  10:32  Baneling x15  
  157  10:35  Overseer x2, Hatchery  
  153  10:46  Hatchery  
  153  10:48  Zergling x26  
  137  11:05  Zergling x20  
  137  11:06  Overseer  
  137  11:07  Overseer x2  
  137  11:08  Overseer  
  137  11:10  Baneling  
  137  11:11  Baneling x12  
  141  11:23  Hatchery  
  116  11:36  Zerg Ground Armor Level 3, Zerg Melee Weapons Level 3, Adrenal Glands  
  116  11:37  Pathogen Glands  
  116  11:38  Zergling x24  
  125  11:46  Zergling x12  
  124  12:02  Baneling x2  
  124  12:03  Baneling x18  
  110  12:08  Zergling x2  
  110  12:09  Zergling x20  
  110  12:11  Baneling x12  
  106  12:24  Zergling x2  
  106  12:25  Zergling x6  
  99  12:46  Zergling x2  
  99  12:47  Zergling x22  
  111  12:57  Infestor x2  
  115  13:00  Infestor x2  
  115  13:02  Zergling x2  
  115  13:03  Zergling x6, Hydralisk Den  
  122  13:15  Zergling x10  
  123  13:20  Baneling x7  
  123  13:27  Zergling x2  
  123  13:28  Zergling x14  
  123  13:31  Overseer  
  123  13:33  Hatchery  
  130  13:36  Muscular Augments  
  124  13:46  Zergling x16  
  110  13:57  Hydralisk  
  110  13:58  Hydralisk x7  
  124  14:07  Infestor  
  124  14:09  Hydralisk x3  
  121  14:19  Hydralisk  
  121  14:20  Hydralisk x3  
  108  14:31  Zergling x2  
  108  14:32  Zergling x12  
  113  14:39  Hatchery  
  113  14:45  Zergling x6  
Tags
 
Add a new tag
Caveats
  • Supply blocks, unpowered buildings, or Contaminate may cause inaccurate times.
  • Supply counts are checked every 10 seconds.